 Dungeon Crawl Stone Soup version 0.27-a0-1123-g2f9bb313c0 (webtiles) character file.

Game seed: 7828061500660500603

122 jasper the Insei (level 4, -1/34 HPs)
             Began as a Demonspawn Transmuter on May 4, 2021.
             Killed from afar by an orc wizard (7 damage)
             ... with a puff of flame
             ... on level 3 of the Dungeon.
             The game lasted 00:04:27 (3101 turns).

jasper the Insei (Demonspawn Transmuter)            Turns: 3101, Time: 00:04:28

Health: -1/34      AC:  4    Str: 10    XL:     4   Next: 78%
Magic:  2/7        EV: 12    Int: 16    God:
Gold:   70         SH:  0    Dex: 13    Spells: 1/7 levels left

rFire    . . .     SeeInvis .     - Unarmed
rCold    . . .     Faith    .   (no shield)
rNeg     + . .     Spirit   .   a - +0 robe
rPois    .         Reflect  .   (helmet restricted)
rElec    .         Harm     .   b - +0 cloak
rCorr    .         Rampage  .   (no gloves)
Will     +....                  g - +0 pair of boots
Stlth    +.........             (no amulet)
HPRegen  0.11/turn              d - ring of willpower
MPRegen  0.10/turn              l - ring of positive energy

@: no status effects
A: antennae 1, demonic guardian 1
a: no special abilities


You were on level 3 of the Dungeon.
You visited 1 branch of the dungeon, and saw 3 of its levels.

You collected 70 gold pieces.

Inventory:

Missiles
 c - 121 stones
Armour
 a - a +0 robe (worn)
 b - a +0 cloak (worn)
 g - a +0 pair of boots (worn)
Jewellery
 d - a ring of willpower (left hand)
 e - a ring of willpower
 l - a ring of positive energy (right hand)
Wands
 j - a wand of paralysis (11)
 k - a wand of flame (20)
Scrolls
 h - a scroll of silence
 m - a scroll of teleportation {unknown}
 o - a scroll of noise {unknown}
Potions
 f - 3 potions of curing
 i - a potion of attraction
 n - a potion of degeneration {unknown}


   Skills:
 + Level 2.6 Fighting
 - Level 1.7 Dodging
 + Level 3.6 Unarmed Combat
 - Level 2.0 Spellcasting
 + Level 3.1 Transmutations


You had one spell level left.
You knew the following spells:

 Your Spells              Type           Power      Damage    Failure   Level
a - Beastly Appendage     Tmut           22%        N/A       6%          1
b - Wereblood             Tmut           11%        N/A       9%          2
c - Spider Form           Tmut/Pois      3%         N/A       32%         3

Your spell library contained the following spells:

 Spells                   Type           Power      Damage    Failure   Level
 Ice Form                 Ice/Tmut       6%         N/A       73%         4
 Hydra Form               Tmut           5%         N/A       85%         5


Dungeon Overview and Level Annotations

Branches:
Dungeon (3/15)

Altars:

Shops:
D:1 *


Innate Abilities, Weirdness & Mutations

You have a pair of small antennae on your head.
A weak demonic guardian rushes to your aid.


Message History

You barely miss the orc. The orc priest hits you with a +0 club.
The orc wizard completely misses you. The orc closely misses you.
The orc wizard casts a spell at itself.
The orc wizard flickers and vanishes!
Deactivating autopickup; reactivate with Ctrl-A.
You take 4 damage, and have 20/34 hp.
You hit the orc.
The orc is poisoned.
The orc is heavily wounded.
The orc priest closely misses you.
The orc wizard hits you with a +0 dagger.
Something closely misses you. The orc closely misses you.
You take 1 damage, and have 19/34 hp.
The orc closely misses you.
You bite the orc!
You kill the orc!
The orc wizard hits you with a +0 dagger.
You take 2 damage, and have 17/34 hp.
Something closely misses you. The orc misses you.
The orc priest closely misses you.
You hit the orc but do no damage. Something closely misses you.
The orc hits you with a +0 dagger. The orc priest hits you with a +0 club.
* * * LOW HITPOINT WARNING * * *
The orc wizard points at itself and mumbles some strange words.
The orc wizard flickers and vanishes!
You take 8 damage, and have 9/34 hp.
MASSIVE DAMAGE!!
Your transformation has ended.
Your +0 cloak unmelds from your body.
Your +0 pair of boots unmelds from your body.
Your +0 robe unmelds from your body.
Something hits you.
* * * LOW HITPOINT WARNING * * *
A demonic guardian appears!
The orc priest looks encouraged for a moment.
You take 3 damage, and have 6/34 hp.
Reactivating autopickup.
You feel a bit more experienced.
Your Transmutations skill increases to level 3!
A puff of flame appears from out of thin air!
Deactivating autopickup; reactivate with Ctrl-A.
The puff of flame hits you!
You die...

#.)......(.....####..##
....##.#..#.#### ##....
............# ##.....
#..........######..#...
. ......###......#......
.........)o){....#..#...
...####..o#..####...#...
#.........5.#......#.##
..##..@...........##...
#.......#.....###.._
#..<..........###...
#........#......#..#
..##...................
<..........#.....#..#..
.##.......#...........
.. ######..#.####....##
.#### ###....###......#


You could see an orc priest (poisoned, ally target), an orc and a friendly
quasit (summoned).

Vanquished Creatures
  2 orc wizards
  2 adders (D:2)
  2 worms (D:2)
  An orc (D:3)
  3 endoplasms
  2 giant cockroaches (D:2)
  3 goblins (D:2)
  3 hobgoblins
  8 jackals (D:2)
  2 kobolds (D:2)
  4 quokkas
  2 ball pythons
  7 bats
  2 rats
43 creatures vanquished.

Vanquished Creatures (collateral kills)
  A dart slug (D:2)
  A kobold (D:3)
2 creatures vanquished.

Grand Total: 45 creatures vanquished

Notes
Turn   | Place    | Note
-------+----------+-------------------------------------------
     0 | D:1      | jasper the Demonspawn Transmuter began the quest for the
                  | Orb.
     0 | D:1      | Reached XP level 1. HP: 15/15 MP: 3/3
    14 | D:1      | Found Fiol's General Store.
  1084 | D:2      | Gained mutation: A weak demonic guardian rushes to your
                  | aid. [demonic ancestry]
  1084 | D:2      | Reached XP level 2. HP: 19/21 MP: 3/5
  1094 | D:2      | Learned a level 2 spell: Wereblood
  1287 | D:2      | Reached XP level 3. HP: 15/27 MP: 4/6
  1304 | D:2      | Learned a level 3 spell: Spider Form
  1756 | D:2      | Lost mutation: You have a pair of horns on your head.
                  | [demonic ancestry]
  1756 | D:2      | Lost mutation: You have a pair of small horns on your head.
                  | [demonic ancestry]
  1756 | D:2      | Gained mutation: You have a pair of small antennae on your
                  | head. [demonic ancestry]
  1756 | D:2      | Reached XP level 4. HP: 21/33 MP: 5/7
  2962 | D:3      | Found a faded altar of an unknown god.
  3101 | D:3      | Killed from afar by an orc wizard

Illustrated notes

Levels and vault maps discovered:
D:1:      psy_arrival_heroes, layout_loops_corners, serial_shops, shop
D:2:      layout_loops_ring, serial_rivers, chequers_serial_rivers_marsh,
          chequers_serial_rivers_micro_a, chequers_serial_rivers_large_a,
          chequers_serial_rivers_micro_a, minmay_ruptured
D:3:      layout_rooms, hellmonk_ecumenical_altar_lost_god

Skill      XL: |  1  2  3  4 |
---------------+-------------+-----
Transmutations | 2 3 |  3.1
Unarmed Combat | 3 |  3.6
Fighting       | 2 |  2.6
Dodging        | |  1.7
Spellcasting   | |  2.0

Action                   |  1- 3 |  4- 6 || total
-------------------------+-------+-------++-------
Melee: Unarmed           |    74 |    66 ||   140
       Kick              |    12 |    11 ||    23
       Headbutt          |    10 |       ||    10
       Punch             |     2 |       ||     2
 Cast: Beastly Appendage |    19 |    12 ||    31
       Spider Form       |       |     1 ||     1
  Use: Scroll            |     2 |     2 ||     4
Armor: Robe              |    28 |    28 ||    56
Dodge: Dodged            |    50 |    68 ||   118

Table legend: (Time is in decaauts)
 A = Elapsed time spent in this place.
 B = Non-inter-level travel time spent in this place.
 C = Inter-level travel time spent in this place.
 D = Time resting spent in this place.
 E = Time spent auto-exploring this place.
 F = Levels seen in this place.
 G = Mean time per level.
                   A        B        C        D        E       F      G
               +--------+--------+--------+--------+--------+-----+--------+
         Total |   3104 |   2951 |    153 |    258 |   2315 |   3 | 1034.7 |
       Dungeon |   3104 |   2951 |    153 |    258 |   2315 |   3 | 1034.7 |
               +--------+--------+--------+--------+--------+-----+--------+

Top non-repeatable levels by time:
     D:2: 1829 daAuts
     D:1: 1073 daAuts
     D:3: 201 daAuts
